MLB
TEXAS RANGERS @ CHICAGO WHITE SOX
08/25/2019
 
TOP OF THE 1ST
Texas Rangers batting - Pitching for Chicago White Sox : RHP Brad Peacock
Pitching: RHP Brad Peacock
Batting: LHB Ender Inciarte 0-0: Called Strike
0-1: Bunt for hit to 3S - play at first, batter safe!
Batting: SHB Cesar Hernandez 0-0: Called Strike
0-1: Sac Bunt to 3S - play at first, batter OUT! 3-1
Ender Inciarte to second
Batting: LHB Bryce Harper 0-0: Ball
1-0: Ball
2-0: Called Strike
2-1: Swinging Strike
2-2: Foul Ball, location: 2F
2-2: Ball
3-2: Fly out, F8 (Line Drive, 8LM, EV 91.9 MPH)
Batting: LHB Eric Thames 0-0: Ball
1-0: Foul Ball, location: 2F
1-1: Foul Ball, location: 2F
1-2: Strikes out looking
Top of the 1st over - 0 runs, 1 hit, 0 errors, 1 left on base; Texas 0 - Chicago 0
BOTTOM OF THE 1ST
Chicago White Sox batting - Pitching for Texas Rangers : RHP Matt Shoemaker
Pitching: RHP Matt Shoemaker
Batting: RHB Drew Jackson 0-0: Foul Ball, location: 2F
0-1: Foul Ball, location: 2F
0-2: Ball
1-2: Foul Ball, location: 2F
1-2: Ground out 5-3 (Groundball, 56S, EV 68.8 MPH)
Batting: LHB Zack Granite 0-0: Ball
1-0: Called Strike
1-1: Ground out 6-3 (Groundball, 6, EV 77.5 MPH)
Batting: LHB Corey Seager 0-0: Ball
1-0: Ground out 6-3 (Groundball, 6M, EV 85.6 MPH)
Bottom of the 1st over - 0 runs, 0 hits, 0 errors, 0 left on base; Texas 0 - Chicago 0
TOP OF THE 2ND
Texas Rangers batting - Pitching for Chicago White Sox : RHP Brad Peacock
Batting: LHB Joc Pederson 0-0: Ball
1-0: Foul Ball, location: 2F
1-1: Foul Ball, location: 2F
1-2: Ball
2-2: Foul Ball, location: 2F
2-2: Foul Ball, location: 2F
2-2: Ball
3-2: Base on Balls
Batting: RHB Andrelton Simmons 0-0: Ball
1-0: Grounds into double play, 6-4-3 (Groundball, 6, EV 98.8 MPH)
Batting: LHB Max Muncy 0-0: Ball
1-0: SOLO HOME RUN (Flyball, 9D, EV 101.9 MPH), Distance : 369 ft
Batting: SHB Jeimer Candelario 0-0: Ball
1-0: Called Strike
1-1: Foul Ball, location: 2F
1-2: Foul Ball, location: 2F
1-2: Ball
2-2: SINGLE (Groundball, 34D, EV 103.1 MPH)
Batting: RHB Wilson Ramos 0-0: Ball
1-0: Called Strike
1-1: Foul Ball, location: 2F
1-2: Strikes out swinging
Top of the 2nd over - 1 run, 2 hits, 0 errors, 1 left on base; Texas 1 - Chicago 0
BOTTOM OF THE 2ND
Chicago White Sox batting - Pitching for Texas Rangers : RHP Matt Shoemaker
Batting: LHB Brandon Belt 0-0: Called Strike
0-1: Called Strike
0-2: Ball
1-2: Ball
2-2: Fly out, F7 (Line Drive, 7D, EV 91.3 MPH)
Batting: LHB Michael Brantley 0-0: Swinging Strike
0-1: Fly out, F7 (Flyball, 78S, EV 91.9 MPH)
Batting: SHB Melky Cabrera 0-0: Called Strike
0-1: Ball
1-1: Ball
2-1: Fly out, F7 (Flyball, 7LM, EV 90.0 MPH)
Bottom of the 2nd over - 0 runs, 0 hits, 0 errors, 0 left on base; Texas 1 - Chicago 0
TOP OF THE 3RD
Texas Rangers batting - Pitching for Chicago White Sox : RHP Brad Peacock
Batting: LHB Ender Inciarte 0-0: Ball
1-0: Called Strike
1-1: Swinging Strike
1-2: Ground out U3 (Groundball, 3, EV 103.8 MPH)
Batting: SHB Cesar Hernandez 0-0: Called Strike
0-1: Called Strike
0-2: Strikes out swinging, 2-3 out at first.
Batting: LHB Bryce Harper 0-0: Ball
1-0: Called Strike
1-1: Ball
2-1: Swinging Strike
2-2: Ball
3-2: Base on Balls
Batting: LHB Eric Thames 0-0: Foul Ball, location: 2F
0-1: Ball
1-1: Ball
2-1: Ball
3-1: Swinging Strike
3-2: Strikes out looking
Top of the 3rd over - 0 runs, 0 hits, 0 errors, 1 left on base; Texas 1 - Chicago 0
BOTTOM OF THE 3RD
Chicago White Sox batting - Pitching for Texas Rangers : RHP Matt Shoemaker
Batting: RHB Jose Trevino 0-0: Called Strike
0-1: Swinging Strike
0-2: Ball
1-2: Ball
2-2: SINGLE (Groundball, 56D, EV 104.4 MPH)
Batting: LHB Andrew Toles 0-0: Swinging Strike
0-1: Ball
1-1: Called Strike
1-2: Fly out, F8 (Line Drive, 8RM, EV 88.1 MPH)
Batting: LHB Marco Hernandez 0-0: Ball
1-0: Swinging Strike
1-1: Swinging Strike
1-2: Ground out 3-1 (Groundball, 34, EV 105.0 MPH)
Jose Trevino to second
Batting: RHB Drew Jackson 0-0: Ball
1-0: Ball
2-0: Ball
3-0: Called Strike
3-1: Base on Balls
Batting: LHB Zack Granite 0-0: Called Strike
0-1: Ball
1-1: Fly out, F7 (Flyball, 7LS, EV 90.0 MPH)
Bottom of the 3rd over - 0 runs, 1 hit, 0 errors, 2 left on base; Texas 1 - Chicago 0
TOP OF THE 4TH
Texas Rangers batting - Pitching for Chicago White Sox : RHP Brad Peacock
Batting: LHB Joc Pederson 0-0: Ball
1-0: Called Strike
1-1: Ball
2-1: Ball
3-1: Base on Balls
Batting: RHB Andrelton Simmons 0-0: Called Strike
0-1: Foul Ball, location: 2F
0-2: Ball
1-2: DOUBLE (Line Drive, 78D, EV 104.4 MPH)
Joc Pederson to third
Batting: LHB Max Muncy 0-0: Foul Ball, location: 2F
0-1: Ball
1-1: Ground out 1-3 (Groundball, 13S, EV 66.9 MPH)
Batting: SHB Jeimer Candelario 0-0: Ball
1-0: Foul Ball, location: 2F
1-1: Ball
2-1: Ball
3-1: Foul Ball, location: 2F
3-2: Fly out, F8 (Flyball, 8RD, EV 101.3 MPH)
Runner from 3rd tags up, SCORES, throw by CF
Batting: RHB Wilson Ramos 0-0: Called Strike
0-1: Ball
1-1: Ball
2-1: Foul Ball, location: 2F
2-2: Strikes out swinging
Top of the 4th over - 1 run, 1 hit, 0 errors, 1 left on base; Texas 2 - Chicago 0
BOTTOM OF THE 4TH
Chicago White Sox batting - Pitching for Texas Rangers : RHP Matt Shoemaker
Batting: LHB Corey Seager 0-0: Ball
1-0: Ball
2-0: Foul Ball, location: 2F
2-1: Swinging Strike
2-2: SINGLE (Groundball, 4MD, EV 95.0 MPH)
Batting: LHB Brandon Belt 0-0: Called Strike
0-1: Grounds into double play, 1-6-3 (Groundball, 13S, EV 71.3 MPH)
Batting: LHB Michael Brantley 0-0: Called Strike
0-1: Foul Ball, location: 2F
0-2: Ball
1-2: Foul Ball, location: 2F
1-2: Fly out, F9 (Line Drive, 9D, EV 106.9 MPH)
Bottom of the 4th over - 0 runs, 1 hit, 0 errors, 0 left on base; Texas 2 - Chicago 0
TOP OF THE 5TH
Texas Rangers batting - Pitching for Chicago White Sox : RHP Brad Peacock
Pitching: LHP Anderson Severino
Batting: LHB Ender Inciarte 0-0: Foul Ball, location: 2F
0-1: Ball
1-1: Foul Ball, location: 2F
1-2: Reached on error, E4 (Groundball, 4, EV 84.4 MPH)
Batting: SHB Cesar Hernandez 0-0: Ball
1-0: Called Strike
1-1: Foul Ball, location: 2F
1-2: Foul Ball, location: 2F
1-2: Strikes out swinging
Batting: LHB Bryce Harper 0-0: Called Strike
0-1: Ball
1-1: Foul Ball, location: 2F
1-2: Foul Ball, location: 2F
1-2: Ball
2-2: Strikes out looking
Batting: LHB Eric Thames 0-0: Ball
1-0: Ball
2-0: Foul Ball, location: 2F
2-1: Ball
3-1: Called Strike
3-2: 2-RUN HOME RUN (Flyball, 9D, EV 99.4 MPH), Distance : 368 ft
Batting: LHB Joc Pederson 0-0: Fly out, F9 (Line Drive, 9, EV 91.9 MPH)
Top of the 5th over - 2 runs, 1 hit, 1 error, 0 left on base; Texas 4 - Chicago 0
BOTTOM OF THE 5TH
Chicago White Sox batting - Pitching for Texas Rangers : RHP Matt Shoemaker
Batting: SHB Melky Cabrera 0-0: DOUBLE (Line Drive, 89D, EV 106.9 MPH)
Batting: RHB Jose Trevino 0-0: Ball
1-0: Foul Ball, location: 2F
1-1: Ground out U3 (Groundball, 3S, EV 88.1 MPH)
Melky Cabrera to third
Batting: LHB Andrew Toles 0-0: Ball
1-0: Foul Ball, location: 2F
1-1: Swinging Strike
1-2: DOUBLE (Line Drive, 7LM, EV 106.9 MPH)
Melky Cabrera scores
Batting: LHB Marco Hernandez 0-0: Ball
1-0: Fly out, F7 (Flyball, 7D, EV 85.0 MPH)
Runner from 2nd tags up, SAFE at 3rd, no throw by LF
Batting: RHB Drew Jackson 0-0: Ball
1-0: Called Strike
1-1: Ball
2-1: Foul Ball, location: 2F
2-2: Ball
3-2: Strikes out looking
Bottom of the 5th over - 1 run, 2 hits, 0 errors, 1 left on base; Texas 4 - Chicago 1
TOP OF THE 6TH
Texas Rangers batting - Pitching for Chicago White Sox : LHP Anderson Severino
Batting: RHB Andrelton Simmons 0-0: Foul Ball, location: 2F
0-1: Ball
1-1: SINGLE (Groundball, 6MD, EV 106.3 MPH)
Pitching: RHP Jacob Rhame
Batting: LHB Max Muncy 0-0: Called Strike
0-1: Ball
1-1: Foul Ball, location: 2F
1-2: Ball
2-2: Ball
3-2: SINGLE (Line Drive, 9LS, EV 106.3 MPH)
Andrelton Simmons to second
Batting: SHB Jeimer Candelario 0-0: Called Strike
0-1: Fly out, F6 (Popup, 56D, EV 65.0 MPH)
Batting: RHB Wilson Ramos 0-0: Fly out, F7 (Flyball, 78M, EV 72.5 MPH)
Batting: LHB Ender Inciarte 0-0: Foul Ball, location: 2F
0-1: Fly out, F7 (Flyball, 78M, EV 96.9 MPH)
Top of the 6th over - 0 runs, 2 hits, 0 errors, 2 left on base; Texas 4 - Chicago 1
BOTTOM OF THE 6TH
Chicago White Sox batting - Pitching for Texas Rangers : RHP Matt Shoemaker
Batting: LHB Zack Granite 0-0: Ball
1-0: Ball
2-0: Called Strike
2-1: Ball
3-1: Ground out 6-3 (Groundball, 6, EV 81.3 MPH)
Batting: LHB Corey Seager 0-0: Ball
1-0: Swinging Strike
1-1: Ball
2-1: Called Strike
2-2: Strikes out swinging
Batting: LHB Brandon Belt 0-0: Ball
1-0: Foul Ball, location: 2F
1-1: Ball
2-1: Foul Ball, location: 2F
2-2: Fly out, F9 (Flyball, 89XD, EV 103.1 MPH)
Bottom of the 6th over - 0 runs, 0 hits, 0 errors, 0 left on base; Texas 4 - Chicago 1
TOP OF THE 7TH
Texas Rangers batting - Pitching for Chicago White Sox : RHP Jacob Rhame
Pitching: LHP Richard Lovelady
Batting: SHB Cesar Hernandez 0-0: Foul Ball, location: 2F
0-1: Ball
1-1: SINGLE (Line Drive, 89M, EV 91.3 MPH)
Batting: LHB Bryce Harper 0-0: Ball
1-0: Foul Ball, location: 2F
1-1: Ball
2-1: Foul Ball, location: 2F
2-2: Ball
3-2: Fielders Choice at 2nd, 4-6 (Groundball, 34, EV 96.9 MPH)
Batting: LHB Eric Thames 0-0: Ball
1-0: Swinging Strike
1-1: Ball
2-1: Ground out 4-3 (Groundball, 4, EV 85.6 MPH)
Bryce Harper to second
Batting: LHB Joc Pederson 0-0: Foul Ball, location: 2F
0-1: Called Strike
0-2: Ball
1-2: Ball
2-2: SINGLE (Groundball, 34, EV 95.0 MPH) (infield hit)
Bryce Harper to third
Batting: RHB Andrelton Simmons 0-0: Ball
1-0: Fielders Choice at 2nd, 6-4 (Groundball, 6, EV 79.4 MPH)
Top of the 7th over - 0 runs, 2 hits, 0 errors, 2 left on base; Texas 4 - Chicago 1
BOTTOM OF THE 7TH
Chicago White Sox batting - Pitching for Texas Rangers : RHP Matt Shoemaker
Batting: LHB Michael Brantley 0-0: Ground out 4-3 (Groundball, 34, EV 97.5 MPH)
Batting: SHB Melky Cabrera 0-0: Ball
1-0: Ball
2-0: Fly out, F8 (Line Drive, 8LM, EV 98.1 MPH)
Batting: RHB Jose Trevino 0-0: Ball
1-0: SINGLE (Groundball, 34, EV 95.6 MPH) (infield hit)
Batting: LHB Andrew Toles 0-0: Swinging Strike
0-1: Ground out 3-1 (Groundball, 3, EV 110.6 MPH)
Bottom of the 7th over - 0 runs, 1 hit, 0 errors, 1 left on base; Texas 4 - Chicago 1
TOP OF THE 8TH
Texas Rangers batting - Pitching for Chicago White Sox : LHP Richard Lovelady
Pitching: LHP Blake Weiman
Batting: LHB Max Muncy 0-0: Called Strike
0-1: Swinging Strike
0-2: SOLO HOME RUN (Flyball, 9D, EV 103.8 MPH), Distance : 377 ft
Batting: SHB Jeimer Candelario 0-0: Foul Ball, location: 2F
0-1: Ball
1-1: Ball
2-1: Ball
3-1: SINGLE (Groundball, 56D, EV 108.1 MPH)
Batting: RHB Wilson Ramos 0-0: Ball
1-0: Ball
2-0: Called Strike
2-1: Called Strike
2-2: Ball
3-2: Strikes out swinging
Batting: LHB Ender Inciarte Pickoff Throw to First - Out! 1-3
0-0: Foul Ball, location: 2F
0-1: Swinging Strike
0-2: Foul Ball, location: 2F
0-2: Foul Ball, location: 2F
0-2: Ball
1-2: Ball
2-2: Strikes out swinging
Top of the 8th over - 1 run, 2 hits, 0 errors, 0 left on base; Texas 5 - Chicago 1
BOTTOM OF THE 8TH
Chicago White Sox batting - Pitching for Texas Rangers : RHP Matt Shoemaker
Pitching: LHP Jake Diekman
Batting: LHB Marco Hernandez 0-0: Swinging Strike
0-1: Foul Ball, location: 2F
0-2: Ball
1-2: Ball
2-2: Foul Ball, location: 2F
2-2: Strikes out swinging
Batting: RHB Drew Jackson 0-0: Ball
1-0: Swinging Strike
1-1: Foul Ball, location: 2F
1-2: Ball
2-2: Foul Ball, location: 2F
2-2: Foul Ball, location: 2F
2-2: Strikes out looking
Batting: LHB Zack Granite 0-0: Swinging Strike
0-1: Ball
1-1: Ball
2-1: Fly out, F3 (Line Drive, 3, EV 76.3 MPH)
Bottom of the 8th over - 0 runs, 0 hits, 0 errors, 0 left on base; Texas 5 - Chicago 1
TOP OF THE 9TH
Texas Rangers batting - Pitching for Chicago White Sox : LHP Blake Weiman
Pitching: RHP Trevor Gott
Batting: SHB Cesar Hernandez 0-0: Foul Ball, location: 2F
0-1: Foul Ball, location: 2F
0-2: Ball
1-2: Ball
2-2: SINGLE (Groundball, 5D, EV 99.4 MPH)
Batting: LHB Bryce Harper 0-0: Ball
1-0: Ball
2-0: Ball
3-0: Base on Balls
Cesar Hernandez to second
Pitching: RHP David Hernandez
Batting: LHB Eric Thames 0-0: Ball
1-0: Ball
2-0: Called Strike
2-1: Swinging Strike
2-2: Ball
3-2: Base on Balls
Cesar Hernandez to third
Bryce Harper to second
Batting: LHB Joc Pederson 0-0: Called Strike
0-1: Ball
1-1: Called Strike
1-2: Ground out 6-3 (Groundball, 6M, EV 100.0 MPH)
Cesar Hernandez scores
Bryce Harper to third
Eric Thames to second
Batting: RHB Andrelton Simmons 0-0: Ball
1-0: Ball
2-0: Ball
3-0: Called Strike
3-1: Swinging Strike
3-2: TRIPLE (Flyball, 9LD, EV 111.9 MPH)
Bryce Harper scores
Eric Thames scores
Batting: LHB Max Muncy 0-0: Swinging Strike
0-1: Called Strike
0-2: Ball
1-2: Strikes out looking
Batting: SHB Jeimer Candelario 0-0: Ball
1-0: Called Strike
1-1: Foul Ball, location: 2F
1-2: Foul Ball, location: 2F
1-2: Ball
2-2: Ball
3-2: Base on Balls
Pitching: LHP Brian Clark
Batting: RHB Wilson Ramos 0-0: Called Strike
0-1: Fly out, F7 (Flyball, 7, EV 88.8 MPH)
Top of the 9th over - 3 runs, 2 hits, 0 errors, 2 left on base; Texas 8 - Chicago 1
BOTTOM OF THE 9TH
Chicago White Sox batting - Pitching for Texas Rangers : LHP Jake Diekman
Batting: LHB Corey Seager 0-0: Called Strike
0-1: Ball
1-1: Swinging Strike
1-2: Ball
2-2: Strikes out swinging
Batting: LHB Brandon Belt 0-0: Ball
1-0: Foul Ball, location: 2F
1-1: Swinging Strike
1-2: Fly out, F9 (Flyball, 9S, EV 82.5 MPH)
Batting: LHB Michael Brantley 0-0: Called Strike
0-1: Foul Ball, location: 2F
0-2: Ball
1-2: Foul Ball, location: 2F
1-2: Foul Ball, location: 2F
1-2: Strikes out swinging
Bottom of the 9th over - 0 runs, 0 hits, 0 errors, 0 left on base; Texas 8 - Chicago 1
Wednesday, November 27th, 2019 - OOTP Baseball 20.8 Build 73